 Dungeon Crawl Stone Soup version 0.19-a0-1697-g0595f0e (webtiles) character file.

492 dvd the Conjurer (level 6, -2/33 HPs)
             Began as a Deep Elf Conjurer on Sept 26, 2016.
             Was an Initiate of Vehumet.
             Killed by divine providence
             ... invoked by an orc priest
              (12 damage)
             ... on level 4 of the Dungeon.
             The game lasted 00:18:38 (4267 turns).

dvd the Conjurer (Deep Elf Conjurer)                Turns: 4267, Time: 00:18:40

Health: -2/33      AC:  7    Str:  8    XL:     6   Next: 91%
Magic:  1/17       EV: 13    Int: 22    God:    Vehumet [......]
Gold:   78         SH:  0    Dex: 15    Spells: 4 memorised, 7 levels left

rFire  . . .     SeeInvis .     F - +9 hand axe of the Fool {flame, Str+3}
rCold  . . .     Gourm    .     m - +0 robe
rNeg   . . .     Faith    .     (no shield)
rPois  .         Spirit   .     z - +2 helmet
rElec  .         Dismiss  .     (no cloak)
rCorr  +         Reflect  .     (no gloves)
MR     .....     Harm     .     y - +0 pair of boots
Stlth  +++.......               x - amulet of magic regeneration
                                (no ring)
                                h - ring of resist corrosion

@: no status effects
A: no striking features
a: Renounce Religion


You were on level 4 of the Dungeon.
You worshipped Vehumet.
Vehumet was noncommittal.
You were not hungry.

You visited 2 branches of the dungeon, and saw 5 of its levels.
You also visited: Sewer.

You collected 78 gold pieces.

Inventory:

Hand Weapons
 a - a +0 dagger
 w - a +1 short sword of flaming
 F - the +9 hand axe of the Fool (weapon) {flame, Str+3}
   (You found it in a sewer)

   It has been specially enchanted to burn those struck by it, causing extra
   injury to most foes and up to half again as much damage against particularly
   susceptible opponents.
   Big, fiery blades are also staple armaments of hydra-hunters.
   It affects your strength (+3).
Armour
 m - a +0 robe (worn)
 y - a +0 pair of boots (worn)
 z - a +2 helmet (worn)
 D - a troll hide {Purgy}
Jewellery
 h - a ring of resist corrosion (left hand)
 x - an amulet of magic regeneration (around neck)
Wands
 B - a wand of lightning (8/15)
Scrolls
 e - 3 scrolls of teleportation {unknown}
 f - a scroll of remove curse {unknown}
 j - 7 scrolls of identify {unknown}
 k - 2 scrolls of blinking {unknown}
 q - 2 scrolls of random uselessness {unknown}
 v - a scroll of immolation {unknown}
 A - a scroll of enchant weapon {unknown}
 E - 2 scrolls of recharging {unknown}
 I - a scroll of enchant armour {unknown}
Potions
 d - a potion of cancellation {unknown}
 g - a potion of flight {unknown}
 i - a potion of mutation {unknown}
 n - a potion of degeneration {unknown}
 o - a potion of invisibility {unknown}
 r - a potion of heal wounds {unknown}
 u - 2 potions of curing {unknown}
 C - a potion of resistance {unknown}
 G - a potion of magic {unknown}
 H - a potion of berserk rage {unknown}
Books
 b - a book of Conjurations

   Spells                             Type                      Level
   a - Magic Dart                     Conjuration                  1
   b - Searing Ray                    Conjuration                  2
   c - Dazzling Spray                 Conjuration/Hexes            3
   d - Fulminant Prism                Conjuration/Hexes            4
   e - Iskenderun's Mystic Blast      Conjuration                  4
   f - Iskenderun's Battlesphere      Conjuration/Charms           5
 s - a book of Geomancy

   Spells                             Type                      Level
   a - Sandblast                      Earth                        1
   b - Passwall                       Transmutation/Earth          2
   c - Stone Arrow                    Conjuration/Earth            3
   d - Petrify                        Transmutation/Earth          4
   e - Lee's Rapid Deconstruction     Earth                        5
Comestibles
 c - 4 bread rations
 l - 4 chunks of flesh
 p - a royal jelly
 t - a slice of pizza


   Skills:
 + Level 0.4 Fighting
 + Level 1.2 Short Blades
 + Level 0.2 Axes
 + Level 3.3 Dodging
 + Level 4.2 Stealth
 + Level 0.1 Unarmed Combat
 + Level 6.0 Spellcasting
 + Level 6.6 Conjurations
 + Level 0.6 Hexes


You had 7 spell levels left.
You knew the following spells:

 Your Spells              Type           Power        Failure   Level  Hunger
a - Magic Dart            Conj           ####         1%          1    None
b - Searing Ray           Conj           #####.       1%          2    None
c - Dazzling Spray        Conj/Hex       ###...       8%          3    #......
d - Iskenderun's Mystic   Conj           #####...     8%          4    ###....


Dungeon Overview and Level Annotations

Branches:
Dungeon (4/15)             Temple (1/1) D:4

Altars:
Ashenzari
Dithmenos
Elyvilon
Gozag
Hepliaklqana
Kikubaaqudgha
Makhleb
Nemelex Xobeh
Okawaru
Qazlal
Ru
Sif Muna
Uskayaw
Vehumet
Xom


Message History

Aiming: Magic Dart
Press: ? - help, Shift-Dir - straight line, f/p - orc priest
Aim: an orc priest, wielding a flail (heavily wounded)
The magic dart hits the orc.
The orc is heavily wounded.
The orc hits you with a falchion.
The orc priest calls upon Beogh to heal the orc.
The orc's wounds heal themselves!
Casting: Magic Dart
Confirm with . or Enter, or press ? or * to list all spells.
Aiming: Magic Dart
Press: ? - help, Shift-Dir - straight line, f/p - orc priest
Aim: an orc priest, wielding a flail (heavily wounded)
The magic dart hits the orc priest.
The orc priest is almost dead.
The orc priest calls down the wrath of Beogh upon you.
Beogh smites you! The orc closely misses you.
The orc priest invokes the aid of Beogh against you.
Beogh smites you!
You die...

..............'.........# ##.#..
.......##.....##........# ##.#.
.......##..)..#################.#
........#.....#..)...............
###....##.....#..................
###....##.....#..................
.#......#.....#.............[....
.#.....########o.................
.'.....#......oo@................
.#.....#.......#############.....
.#.....#.....o.# ###+##
.#.....+.......# .#.....#.......#
.###...#.......# .###...#....)..#
...#...#.......# ...#...#.......#


You could see 2 orc priests and 2 orcs.

Vanquished Creatures
  Purgy (Sewer)
  An ogre (D:4)
  A bullfrog skeleton (D:4)
  An orc priest (D:3)
  An orc wizard (D:3)
  A worker ant (D:4)
  Robin (D:2)
  6 adders (D:2)
  8 worms
  3 dart slugs
  4 leopard geckos (D:3)
  5 orcs
  2 ball pythons
  8 giant cockroaches
  16 goblins
  9 hobgoblins
  7 jackals
  10 kobolds
  A quokka (D:2)
  10 bats
  10 frilled lizards
  10 rats
116 creatures vanquished.

Notes
Turn   | Place    | Note
-------+----------+-------------------------------------------
     0 | D:1      | dvd the Deep Elf Conjurer began the quest for the Orb.
     0 | D:1      | Reached XP level 1. HP: 10/10 MP: 6/6
    94 | D:1      | Reached XP level 2. HP: 15/15 MP: 4/8
   424 | D:1      | Reached skill level 5 in Conjurations
   498 | D:1      | Learned a level 2 spell: Searing Ray
   850 | D:1      | Reached XP level 3. HP: 19/19 MP: 6/9
  1169 | D:2      | Found an opulent altar of Gozag.
  1230 | D:2      | Found an iron altar of Okawaru.
  1432 | D:2      | Reached XP level 4. HP: 24/24 MP: 1/11
  1574 | D:2      | Learned a level 3 spell: Dazzling Spray
  1579 | D:2      | Learned a level 4 spell: Iskenderun's Mystic Blast
  2404 | D:2      | Noticed Robin
  2409 | D:2      | Killed Robin
  2409 | D:2      | Reached XP level 5. HP: 27/28 MP: 5/13
  2698 | D:3      | Reached skill level 5 in Spellcasting
  2722 | D:3      | Reached skill level 1 in Short Blades
  2809 | D:3      | Found an ancient bone altar of Kikubaaqudgha.
  2988 | D:3      | Found a glowing drain.
  3026 | Sewer    | Entered a sewer
  3048 | Sewer    | Noticed Purgy
  3055 | Sewer    | Killed Purgy
  3055 | Sewer    | Reached XP level 6. HP: 25/32 MP: 9/16
  3089 | Sewer    | Got a translucent hand axe
  3100 | Sewer    | Identified the +9 hand axe of the Fool {flame, Str+3} (You found it in a sewer)
  3557 | D:4      | Found a staircase to the Ecumenical Temple.
  3685 | Temple   | Entered the Ecumenical Temple
  3896 | Temple   | Became a worshipper of Vehumet
  4210 | D:4      | Found a sacrificial altar of Ru.
  4267 | D:4      | Killed from afar by an orc priest

Vault maps used:
D:1:      dpeg_arrival_rooms_with_view, minmay_tree_intersection
D:2:      lemuel_crystal_altar, okawaru_metal_pillars_1_2,
          minmay_tiny_reverse_x, uniq_robin
D:3:      minmay_wonky_spiral, kiku_gazebo_garden_becter, portal_sewer_entry_f,
          grunt_ministairs_9
D:4:      first_bread, nicolae_ru_awakened_eye
Temple:   minmay_temple_forest_path
Sewer:    sewer_co_purgy_island

Skill      XL: |  1  2  3  4  5  6 |
---------------+-------------------+-----
Conjurations   | 5 6 |  6.6
Stealth        | 3 4 |  4.2
Spellcasting   | 4 5 6 |  6.0
Dodging        | 3 |  3.3
Short Blades   | 1 |  1.2
Fighting       | |  0.4
Axes           | |  0.2
Unarmed Combat | |  0.1
Hexes          | |  0.6

Action                   |  1- 3 |  4- 6 || total
-------------------------+-------+-------++-------
Melee: Unarmed           |    24 |       ||    24
       Short sword       |       |    22 ||    22
       Hand axe          |       |     1 ||     1
 Cast: Magic Dart        |    70 |    70 ||   140
       Searing Ray       |     3 |    20 ||    23
       Iskenderun's Myst |       |     8 ||     8
       Dazzling Spray    |       |     7 ||     7
 Stab: Sleeping          |       |     4 ||     4
  Eat: Chunk             |     2 |     6 ||     8
       Meat ration       |       |     1 ||     1
Armor: Robe              |    14 |    16 ||    30
Dodge: Dodged            |    40 |    41 ||    81
